Match 22717469
Unlisted

Match 22717469
End
Selects Italian Combined Arms Battlegroup
Selects Bersaglieri Squad
Bersaglieri Squad
Panzerpioneer Squad
Bersaglieri Squad
Construct Light Support Kompanie
Fire Support Elements
Selects Bersaglieri Bolster
Assault Grenadier Squad
2.5-tonne Medical Truck
Panzerjäger Mechanized Group
Construct Panzerarmee Kommand
MG34 Team
Selects Breda Model 30 Light Machine Guns
2.5-tonne Medical Truck
Panzer III L Medium Tank
Panzer III L Medium Tank
Selects Semovente da 75/18 Assault Gun
Selects Strafing Run
저글링
LeVisir
KOR-KINOrz
Tlqkfsjak
Jesulin
Eber
PAUG.S®
Jonatanga
0
0

Comments sign in to comment!

No comments posted yet!